 Dungeon Crawl Stone Soup version 0.25-a0-860-gf695395b5c (webtiles) character file.

Game seed: 4877444229391220256, levelgen mode: deterministic

4745 Maedhros the Covert (level 10, 0/65 HPs)
             Began as an Octopode Artificer on Apr 27, 2020.
             Was an Initiate of Gozag.
             Slain by a wyvern zombie (15 damage)
             ... on level 8 of the Dungeon.
             The game lasted 00:20:53 (11754 turns).

Maedhros the Covert (Octopode Artificer)           Turns: 11754, Time: 00:20:54

Health: 0/65       AC:  1    Str: 11    XL:     10   Next: 46%
Magic:  24/24      EV: 16    Int: 15    God:    Gozag
Gold:   308        SH:  5    Dex: 15    Spells: 4/9 levels left

rFire    + . .     SeeInvis .   a - +0 short sword
rCold    x . .     Gourm    .   u - +0 buckler
rNeg     . . .     Faith    .   (helmet restricted)
rPois    +         Spirit   .   (no amulet)
rElec    .         Reflect  .   e - ring of protection from magic
rCorr    .         Harm     .   o - ring of fire
MR       +....                  t - ring of poison resistance
Stlth    +++++.....             c - ring of magical power
HPRegen  0.20/turn              (no ring)
MPRegen  0.19/turn              (no ring)
                                (no ring)
                                (no ring)

@: no status effects
A: almost no armour, stealthy swim, amphibious, 8 rings, constrict 8, camouflage
1, gelatinous body 1
a: Potion Petition, Call Merchant, Bribe Branch, Renounce Religion


You were on level 8 of the Dungeon.
You worshipped Gozag.
Gozag was aware of your devotion.
You were very hungry.

You visited 1 branch of the dungeon, and saw 9 of its levels.

You collected 1817 gold pieces.
You spent 145 gold pieces at shops.
You paid 1364 gold pieces to Gozag.

Inventory:

Hand Weapons
 a - a +0 short sword (weapon)
Missiles
 l - 4 atropa-tipped darts (quivered)
Armour
 j - a +0 kite shield
 u - a +0 buckler (worn)
Jewellery
 c - a ring of magical power (on tentacle)
 e - a ring of protection from magic (left tentacle)
 o - a ring of fire (right tentacle)
 t - a ring of poison resistance (on tentacle)
 v - an uncursed ring of protection from fire
Wands
 s - a wand of digging (7)
Scrolls
 b - a scroll of noise
 g - 2 scrolls of teleportation
 h - a scroll of immolation
 i - a scroll of identify
 k - 8 scrolls of remove curse
 n - 5 scrolls of amnesia
 q - a scroll of fear
 r - a scroll of enchant armour
 w - a scroll of enchant weapon
 x - a scroll of random uselessness
 y - a scroll of vulnerability
Potions
 d - a potion of ambrosia
 m - 3 potions of flight
Comestibles
 f - 2 rations


   Skills:
 + Level 4.9 Fighting
 - Level 1.0 Short Blades
 + Level 5.3 Dodging
 - Level 8.4 Stealth
 + Level 4.7 Shields
 - Level 1.0 Unarmed Combat
 * Level 0.0 Spellcasting
 * Level 6.3 Summonings
 * Level 6.2 Translocations
 - Level 7.2 Evocations


You had 4 spell levels left.
You knew the following spells:

 Your Spells              Type           Power        Failure   Level  Hunger
a - Summon Forest         Summ/Tloc      ###.......   50%         5    ######.

Your spell library contained the following spells:

 Spells                   Type           Power        Failure   Level  Hunger
 Blink                    Tloc           N/A          3%          2    ###....
 Call Imp                 Summ           ###.....     3%          2    ###....
 Freeze                   Ice            #...         26%         1    ##.....
 Magic Dart               Conj           #...         26%         1    ##.....
 Corpse Rot               Necr/Air       N/A          38%         2    ###....
 Slow                     Hex            #.......     38%         2    ###....
 Summon Ice Beast         Ice/Summ       #.......     58%         4    #####..
 Conjure Flame            Conj/Fire      #.......     63%         3    ####...
 Frozen Ramparts          Ice            #.....       63%         3    ####...
 Mephitic Cloud           Conj/Pois/Air  #.......     63%         3    ####...
 Ozocubu's Armour         Chrm/Ice       #.......     63%         3    ####...
 Stone Arrow              Conj/Erth      #.....       63%         3    ####...
 Hailstorm                Conj/Ice       #.......     95%         4    #####..
 Eringya's Noxious Bog    Tmut/Pois      #.........   100%        6    #######
 Hydra Form               Tmut           #.........   100%        6    #######
 Summon Hydra             Summ           ###.......   100%        7    #######


Dungeon Overview and Level Annotations

Branches:
Dungeon (9/15)             Temple (0/1) D:7
   Lair: D:8-11         Orc: D:9-12

Altars:
Cheibriados
Dithmenos
Gozag
Hepliaklqana
Qazlal
Trog
Vehumet
Yredelemnul
Zin
The Shining One

Shops:
D:7 *   D:8 }


Innate Abilities, Weirdness & Mutations

You cannot wear most types of armour.
You are very stealthy in the water. (Stealth+)
You are amphibious.
You can wear up to eight rings at the same time.
You can use your tentacles to constrict eight enemies at once.
Your skin changes colour to match your surroundings (Stealth+).
Your rubbery body absorbs attacks. (AC +1, EV +1)


Message History

You hit the wyvern zombie but do no damage.
Your squeeze misses the wyvern zombie.
The wyvern zombie is almost destroyed.
The wyvern zombie completely misses you.
The wyvern zombie closely misses you.
You hit the wyvern zombie but do no damage.
The wyvern zombie is almost destroyed.
The wyvern zombie bites you!
* * * LOW HITPOINT WARNING * * *
A killer bee comes into view.
The killer bee buzzes angrily.
You hit the wyvern zombie.
The wyvern zombie is almost destroyed.
The wyvern zombie bites you.
* * * LOW HITPOINT WARNING * * *
You hit the wyvern zombie but do no damage.
The wyvern zombie is almost destroyed.
The wyvern zombie bites you!
You die...
Your body crumbles into a pile of gold.

...⌠.#.........#.# #.........#
.....#.........#># ###.........#
#'####.........#.# #...........#
.....#######..##.# #.##'########
.....# ##y##.###.##.#########
.....########.....#..............
....^.......##.#..#####.#........
###.........##.(Z.#####.#.......#
#.........###.@.......#.....(##
#.........#....########.....#.#
#.........#.##>............## .
#.............###########..#
#...).......#.# #..#
###+####'#....# #..#
#....)<#.#### #... #####.##.#
#...# #....# ..


You could see a killer bee and a wyvern zombie.

Vanquished Creatures
  Maggie (D:7)
  A hippogriff (D:8)
  Prince Ribbit (D:7)
  A hungry ghost (D:7)
  Menkaure (D:4)
  A water moccasin (D:8)
  2 orc warriors (D:7)
  A porcupine (D:8)
  3 sky beasts
  2 necrophages (D:7)
  A phantom (D:6)
  A centaur (D:7)
  4 ogres
  3 bullfrogs
  2 gnoll sergeants (D:7)
  A water moccasin zombie (D:6)
  14 killer bees (D:8)
  4 scorpions
  A water moccasin skeleton (D:4)
  4 howler monkeys
  A crimson imp (D:7)
  A quasit (D:5)
  A hound (D:8)
  2 orc priests
  5 orc wizards
  3 jellies
  An iguana (D:6)
  Ijyb (D:4)
  3 worker ants
  A hound skeleton (D:6)
  A worker ant zombie (D:5)
  7 adders
  10 gnolls
  3 shadow imps
  An adder zombie (D:5)
  5 worms
  4 leopard geckos
  26 orcs
  7 giant cockroaches
  11 goblins
  9 hobgoblins
  12 jackals
  4 kobolds
  2 quokkas
  2 ball pythons
  10 bats
  5 frilled lizards
  2 gnoll zombies (D:5)
  A jackal skeleton (D:4)
  2 rats (D:1)
192 creatures vanquished.

Vanquished Creatures (collateral kills)
  A queen bee (D:8)
  A porcupine (D:8)
  A sky beast (D:7)
  A scorpion (D:7)
  A killer bee (D:8)
  An orc wizard (D:5)
  A gnoll (D:7)
  5 orcs
  A frilled lizard (D:2)
  5 fungi (D:8)
  2 plants (D:8)
20 creatures vanquished.

Vanquished Creatures (others)
  2 orc priests (D:7)
  An orc wizard (D:7)
  2 orcs (D:3)
  3 fungi (D:8)
  9 plants
  A snaplasher vine (D:8)
18 creatures vanquished.

Grand Total: 230 creatures vanquished

Notes
Turn   | Place    | Note
-------+----------+-------------------------------------------
     0 | D:1      | Maedhros the Octopode Artificer began the quest for the
                  | Orb.
     0 | D:1      | Reached XP level 1. HP: 13/13 MP: 3/3
    86 | D:2      | Found a faded altar of an unknown god.
    92 | D:2      | Became a worshipper of Gozag Ym Sagoz the Greedy
   540 | D:1      | Reached skill level 1 in Unarmed Combat
   540 | D:1      | Reached XP level 2. HP: 18/18 MP: 4/4
   545 | D:1      | Reached skill level 2 in Stealth
  1223 | D:2      | Reached skill level 3 in Stealth
  1223 | D:2      | Reached XP level 3. HP: 17/23 MP: 5/5
  2030 | D:3      | Reached XP level 4. HP: 13/28 MP: 7/7
  2290 | D:3      | Reached skill level 4 in Stealth
  2364 | D:3      | Reached XP level 5. HP: 10/33 MP: 8/8
  2770 | D:3      | Found a radiant altar of Vehumet.
  3099 | D:3      | Reached skill level 5 in Stealth
  3099 | D:3      | Reached skill level 5 in Evocations
  3285 | D:4      | Noticed Ijyb
  3297 | D:4      | HP: 1/33 [water moccasin skeleton (6)]
  3609 | D:4      | Killed Ijyb
  3609 | D:4      | Reached XP level 6. HP: 29/38 MP: 10/10
  3663 | D:4      | Found a glowing golden altar of the Shining One.
  3765 | D:4      | Found a glowing silver altar of Zin.
  3766 | D:4      | Found a bloodstained altar of Trog.
  3767 | D:4      | Found a hazy altar of Hepliaklqana.
  3767 | D:4      | Noticed Menkaure
  3773 | D:4      | Killed Menkaure
  3773 | D:4      | Reached skill level 6 in Stealth
  4063 | D:4      | HP: 1/38 [poisoned by a scorpion]
  4064 | D:4      | Reached skill level 7 in Stealth
  4064 | D:4      | Reached XP level 7. HP: 1/43 MP: 11/11
  5002 | D:5      | Entered Level 5 of the Dungeon
  5308 | D:5      | Found a basalt altar of Yredelemnul.
  5396 | D:5      | Reached skill level 8 in Stealth
  5549 | D:5      | Reached skill level 1 in Shields
  5964 | D:5      | Reached XP level 8. HP: 50/50 MP: 13/13
  6417 | D:6      | Learned a level 5 spell: Summon Forest
  6766 | D:6      | Reached skill level 1 in Summonings
  6766 | D:6      | Reached skill level 1 in Translocations
  7595 | D:7      | Noticed Prince Ribbit
  7923 | D:7      | Reached XP level 9. HP: 14/55 MP: 14/14
  8591 | D:7      | Found a staircase to the Ecumenical Temple.
  9048 | D:7      | Found a stormy altar of Qazlal.
  9321 | D:7      | Bought a scratched ivory ring for 145 gold pieces
  9359 | D:7      | Noticed Maggie
  9379 | D:7      | Killed Maggie
  9379 | D:7      | Reached skill level 5 in Summonings
  9379 | D:7      | Reached skill level 5 in Translocations
  9511 | D:8      | Found a shadowy altar of Dithmenos.
  9711 | D:8      | Reached XP level 10. HP: 24/63 MP: 15/15
  9888 | D:7      | Killed Prince Ribbit
 10341 | D:8      | Found Omuerr's Gadget Shoppe.
 10404 | D:8      | Reached skill level 5 in Dodging
 10610 | D:8      | Found a snail-covered altar of Cheibriados.
 11754 | D:8      | Slain by a wyvern zombie

Levels and vault maps discovered:
D:1:      dpeg_arrival_stone_temple_mockup, layout_basic
D:2:      layout_basic, chequers_ecumenical_altar_simple, minmay_misc_feat_iff,
          minmay_misc_feat_ornament
D:3:      layout_loops_ring, vehumet_crystals, first_ration
D:4:      layout_loops_ring, grunt_temple_overflow_open, serial_bayou,
          serial_bayou_pond_c, serial_bayou_ford_a, serial_bayou_pond_c,
          serial_bayou_pond_b, tso_metal_star, uniq_menkaure, uniq_ijyb
D:5:      layout_loops_ring, lemuel_zombie_altar_yredelemnul,
          hangedman_abyss_or_decor_stagger
D:6:      layout_basic
D:7:      layout_loops_ring, old_standard_altar,
          minmay_temple_entry_statues_pillars, uniq_prince_ribbit1, uniq_maggie
D:8:      layout_basic, cheibriados_altar_1, nicolae_dithmenos_the_darkroom,
          grunt_lair_entry_orc_guard_hut, serial_shops, nicolae_shop_trees,
          minmay_fountain_box, david_nohive_1
D:9:      layout_small_grid, ashenzari_altar_1, serial_shops,
          nicolae_shop_behind_doors, uniq_erolcha

Skill      XL: |  1  2  3  4  5  6  7  8  9 10 |
---------------+-------------------------------+-----
Unarmed Combat | 1 |  1.0
Stealth        | 3 4 5 7 8 |  8.4
Evocations     | 4 5 6 7 |  7.2
Shields        | 1 2 4 |  4.7
Fighting       | 3 4 |  4.9
Summonings     | 3 5 6 |  6.3
Translocations | 3 5 6 |  6.2
Dodging        | 3 4 5 |  5.3
Short Blades   | |  1.0

Action                   |  1- 3 |  4- 6 |  7- 9 | 10-12 || total
-------------------------+-------+-------+-------+-------++-------
Melee: Short sword       |    75 |   112 |   228 |   105 ||   520
       Constrict         |    16 |    31 |    47 |    18 ||   112
       Tentacles         |    11 |    25 |    52 |    29 ||   117
       Punch             |     1 |     1 |     1 |     2 ||     5
       Unarmed           |       |       |       |    57 ||    57
 Cast: Summon Forest     |       |       |       |     3 ||     3
Invok: Potion Petition   |       |       |     1 |     1 ||     2
       Call Merchant     |       |       |     1 |       ||     1
Evoke: Wand              |     1 |     7 |    57 |     7 ||    72
  Use: Potion            |       |     7 |     1 |     8 ||    16
       Scroll            |       |       |       |    17 ||    17
 Stab: Sleeping          |    12 |     6 |    18 |     1 ||    37
       Invisible         |       |     3 |       |     1 ||     4
       Paralysed         |       |       |     1 |     1 ||     2
       Confused          |       |       |     1 |       ||     1
       Distracted        |       |       |       |     3 ||     3
  Eat: Ration            |     1 |     2 |     7 |     2 ||    12
Armor: Skin              |     5 |    11 |    10 |    36 ||    62
Dodge: Dodged            |    55 |    60 |   125 |   128 ||   368
Block: Buckler           |       |       |       |    39 ||    39
       Kite shield       |       |       |       |     8 ||     8

Table legend:
 A = Non-vault XP
 B = Vault XP
 C = Vault XP percentage of total XP
 D = Non-vault monster count
 E = Vault monster count
 F = Vault count percentage of total count
                 A         B        C        D         E       F
            +---------+---------+-------+---------+---------+-------
      Total |    4532 |    2247 |  33.1 |     179 |      27 |  13.1
            +---------+---------+-------+---------+---------+-------
        D:1 |      25 |       0 |   0.0 |      16 |       0 |   0.0
        D:2 |      48 |       0 |   0.0 |      16 |       0 |   0.0
        D:3 |     147 |       0 |   0.0 |      42 |       0 |   0.0
        D:4 |     366 |     280 |  43.3 |      14 |       4 |  22.2
        D:5 |     481 |       3 |   0.6 |      20 |       2 |   9.1
        D:6 |     766 |       0 |   0.0 |      16 |       0 |   0.0
        D:7 |    1750 |     670 |  27.7 |      32 |       2 |   5.9
        D:8 |     820 |    1294 |  61.2 |      11 |      19 |  63.3
        D:9 |     129 |       0 |   0.0 |      12 |       0 |   0.0
            +---------+---------+-------+---------+---------+-------
